 Dungeon Crawl Stone Soup version 0.29.1-12-g30fa7ad0bf (webtiles) character file.

Game seed: 15354516365384978760

716 KittyFluff the Cudgeller (level 7, -1/44 HPs)
             Began as a Gargoyle Berserker on Jan 12, 2023.
             Was a Believer of Trog.
             Slain by a gnoll bouda
             ... wielding a +0 whip
              (3 damage)
             ... on level 4 of the Dungeon.
             The game lasted 00:15:03 (4472 turns).

KittyFluff the Cudgeller (Gargoyle Berserker)       Turns: 4472, Time: 00:15:04

Health: -1/44      AC:  9    Str: 21    XL:     7   Next: 69%
Magic:  7/7        EV: 12    Int:  7    God:    Trog [**....]
Gold:   165        SH:  5    Dex: 11    Spells: 6/6 levels left

rFire   . . .      SeeInvis .   B - +1 hammer (drain)
rCold   . . .      Faith    .   (no shield)
rNeg    + . .      Spirit   .   u - +0 leather armour
rPois   ∞          Reflect  +   (no helmet)
rElec   +          Harm     .   A - +0 cloak
rCorr   .          Rampage  .   (no gloves)
Will    .....                   (no boots)
Stlth   +.........              F - amulet of reflection
HPRegen 0.14/turn               p - ring of flight
MPRegen 0.10/turn               (no ring)

@: flying
A: sickness immunity, AC +4, negative energy resistance 1, electricity
resistance, torment resistance 1, petrification resistance
a: Renounce Religion, Berserk, Trog's Hand


You were on level 4 of the Dungeon.
You worshipped Trog.
Trog was pleased with you.
You visited 1 branch of the dungeon, and saw 4 of its levels.

You collected 165 gold pieces.

Inventory:

Hand Weapons
 e - a +2 whip of flaming
 t - a +0 sling
 B - a +1 hammer of draining (weapon)
 G - a +0 morningstar
Missiles
 l - 33 stones (quivered)
 q - 6 silver boomerangs
 x - 4 poisoned darts
Armour
 u - a +0 leather armour (worn)
 v - a +0 scale mail
 A - a +0 cloak (worn)
Jewellery
 p - a ring of flight (left hand)
 F - an amulet of reflection (around neck)
 I - a ring of ice
Wands
 w - a wand of light (7)
Scrolls
 d - a scroll of enchant armour {unknown}
 g - a scroll of summoning {unknown}
 i - 3 scrolls of magic mapping
 k - a scroll of silence {unknown}
 m - a scroll of immolation {unknown}
 o - a scroll of fear {unknown}
 r - a scroll of fog {unknown}
 y - 2 scrolls of teleportation {unknown}
 C - a scroll of amnesia {unknown}
Potions
 a - a potion of resistance
 b - 4 potions of might
 c - a potion of flight
 f - a potion of invisibility
 h - a potion of curing {unknown}
 j - a potion of lignification {unknown}
 n - a potion of mutation {unknown}
 s - a potion of attraction {unknown}
 z - a potion of haste {unknown}
 D - a potion of heal wounds {unknown}
 E - a potion of magic {unknown}
 H - a potion of berserk rage {unknown}


   Skills:
 + Level 4.9 Fighting
 * Level 5.5 Maces & Flails
 * Level 5.5 Armour
 + Level 3.1 Dodging


You had 6 spell levels left.
You didn't know any spells.
Your spell library was empty.

Dungeon Overview and Level Annotations

Branches:
Dungeon (4/15)
 Temple: D:4-7

Altars:
Qazlal


Innate Abilities, Weirdness & Mutations

You are immune to sickness and miasma.
Your stone body is resilient. (AC +4)
You are immune to poison.
You resist negative energy. (rN+)
You are resistant to electric shocks. (rElec)
You are resistant to unholy torment.
You are immune to petrification.


Message History

You hit the gnoll but do no damage. You drain the gnoll.
The gnoll is severely wounded.
The gnoll misses you. The gnoll closely misses you.
You closely miss the gnoll.
The gnoll is almost dead.
The gnoll barely misses you. x2
You hit the gnoll.
You kill the gnoll!
Trog accepts your kill. The gnoll hits you with a +0 flail.
You hit the gnoll.
The gnoll is almost dead.
The gnoll hits you but does no damage.
You barely miss the gnoll.
The gnoll is almost dead.
The gnoll hits you with a +0 flail.
You hit the gnoll.
You kill the gnoll!
Trog accepts your kill.
You start resting.
A gnoll bouda comes into view.
It is wielding a +2 shortbow of flaming and carrying a wand of flame (14).
A gnoll bouda is nearby!
Items here: $ ( ) = [.
l - 33 stones (gained 9);
I - a ring of ice You now have 165 gold pieces (gained 15).
The gnoll bouda shouts!
The gnoll bouda zaps a wand.
The puff of flame hits you.
The gnoll bouda shoots an arrow.
The arrow hits you! The arrow burns you.
The gnoll bouda shoots an arrow.
You reflect the arrow off an invisible shield around you!
The arrow barely misses the gnoll bouda.
The gnoll bouda shoots an arrow.
The arrow hits you! The arrow burns you.
* * * LOW HITPOINT WARNING * * *
The gnoll bouda unwields a +2 shortbow of flaming.
It stops flaming.
The gnoll bouda wields a +0 whip.
The gnoll bouda hits you with a +0 whip!
* * * LOW HITPOINT WARNING * * *
You hit the gnoll bouda but do no damage.
The gnoll bouda hits you with a +0 whip.
You die...

..# #..# ##............# ..#
#..# ##.........### ..#
##..# ##........## ..# #...#
#.).......### ..# #...#
##........... ..# #...#
#........... ..#
##...########.....[.... ..##
##).................####
...####
##.))...@g..........##
......###....>.............#
##.........................
#####.....................
##....................
#........#..........
#.......###.......
##........# #......
#.........#


You could see a gnoll bouda.

Vanquished Creatures
  Pikel (D:3)
  Menkaure (D:4)
  A lemure (D:3)
  Crazy Yiuf (D:3)
  3 gnolls (D:4)
  2 adders
  2 worms
  4 dart slugs
  2 orcs (D:4)
  3 bats
  7 endoplasms
  4 giant cockroaches
  3 goblins
  6 hobgoblins
  7 jackals (D:1)
  2 quokkas
  11 ball pythons
  4 frilled lizards
  4 kobolds
  5 rats
73 creatures vanquished.

Notes
Turn   | Place    | Note
-------+----------+-------------------------------------------
     0 | D:1      | KittyFluff the Gargoyle Berserker began the quest for the
                  | Orb.
     0 | D:1      | Reached XP level 1. HP: 14/14 MP: 1/1
   460 | D:1      | Reached XP level 2. HP: 18/19 MP: 2/2
   666 | D:1      | Reached XP level 3. HP: 23/23 MP: 3/3
   860 | D:1      | Found a faded altar of an unknown god.
  1530 | D:2      | Found a stormy altar of Qazlal.
  1744 | D:2      | Reached XP level 4. HP: 21/29 MP: 4/4
  2429 | D:3      | Reached ** piety under Trog
  2571 | D:3      | Found a runed translucent door.
  2572 | D:3      | Noticed Crazy Yiuf
  2586 | D:3      | Killed Crazy Yiuf
  3026 | D:3      | Reached XP level 5. HP: 33/33 MP: 5/5
  3112 | D:4      | Noticed a lemure
  3113 | D:4      | Noticed Pikel
  3141 | D:3      | Killed a lemure
  3269 | D:4      | Noticed a lemure
  3281 | D:3      | Killed Pikel
  3282 | D:3      | Reached skill level 5 in Maces & Flails
  3282 | D:3      | Reached skill level 5 in Armour
  3282 | D:3      | Reached XP level 6. HP: 15/39 MP: 6/6
  3282 | D:3      | Reached XP level 7. HP: 18/44 MP: 7/7
  3626 | D:4      | Noticed Menkaure
  3641 | D:4      | Killed Menkaure
  4471 | D:4      | HP: 2/44 [gnoll bouda/+0 whip (11)]
  4472 | D:4      | Slain by a gnoll bouda

Illustrated notes

Levels and vault maps discovered:
D:1:      minmay_arrival_nine_rooms, layout_loops_corners,
          hellmonk_ecumenical_altar_crossroads, wad_floor_pattern_untrapped
D:2:      layout_rooms, basic_altar, due_unseen_surprise
D:3:      layout_loops_corners, serial_rivers, chequers_serial_rivers_micro_d,
          chequers_serial_rivers_large_a, chequers_serial_rivers_small_b,
          chequers_serial_rivers_micro_d, uniq_crazy_yiuf_cottage
D:4:      layout_layer_cave, uniq_pikel, uniq_menkaure

Skill      XL: |  1  2  3  4  5  6  7 |
---------------+----------------------+-----
Armour         | 3 5 |  5.5
Dodging        | 2 3 |  3.1
Fighting       | 4 |  4.9
Maces & Flails | 5 |  5.5

Action                   |  1- 3 |  4- 6 |  7- 9 || total
-------------------------+-------+-------+-------++-------
Melee: Mace              |   106 |    71 |    44 ||   221
       Punch             |     1 |       |     1 ||     2
Invok: Berserk           |       |     2 |     1 ||     3
  Use: Scroll            |     1 |     3 |     1 ||     5
 Stab: Sleeping          |     1 |       |       ||     1
Armor: Animal skin       |    45 |     3 |       ||    48
       Leather armour    |       |    18 |    14 ||    32
Dodge: Dodged            |    65 |    58 |    36 ||   159
Block: Other             |       |       |     5 ||     5
       Reflection        |       |       |     1 ||     1
